 Dungeon Crawl Stone Soup version 0.32-a0-960-g3814254bd7 (webtiles) character file.

Game seed: 8103723330528166433

279 retardedninja the Covered (level 6, -2/79 HPs)
             Began as a Mountain Dwarf Fighter on Apr 16, 2024.
             Succumbed to Duvessa's poison
             ... on level 4 of the Dungeon on Apr 17, 2024.
             The game lasted 00:04:31 (2147 turns).

retardedninja the Covered (Mountain Dwarf Fighter)  Turns: 2147, Time: 00:04:32

Health: -2/79      AC:  9    Str: 20    XL:     6   Next: 5%
Magic:  1/6        EV:  6    Int:  9    God:
Gold:   168        SH:  4    Dex:  9    Spells: 5/5 levels left

rFire   . . .        a - +0 war axe
rCold   . . .        f - +0 buckler
rNeg    . . .        h - +0 chain mail
rPois   .            (no helmet)
rElec   .            (no cloak)
rCorr   .            (no gloves)
SInv    .            (no boots)
Will    .....        (no amulet) Stlth
                     (no ring)
HPRegen 0.33/turn    (no ring)
MPRegen 0.10/turn

%: no passive effects
@: mighty, berserking, lethally poisoned (-2 -> -15), very quick
A: runic magic, artefact enchanting
a: no special abilities


You were on level 4 of the Dungeon.
You visited 1 branch of the dungeon, and saw 4 of its levels.

You collected 168 gold pieces.

Inventory:

Hand Weapons
 a - a +0 war axe (weapon)
Armour
 f - a +0 buckler (worn)
 h - a +0 chain mail (worn)
Jewellery
 k - a +6 ring of intelligence
 t - a ring of poison resistance
Scrolls
 e - a scroll of fog {unknown}
 g - a scroll of revelation {unknown}
 i - 3 scrolls of enchant armour {unknown}
 j - a scroll of brand weapon {unknown}
 n - a scroll of teleportation {unknown}
 o - 2 scrolls of identify {unknown}
 q - a scroll of enchant weapon {unknown}
Potions
 b - a potion of haste {unknown}
 c - a potion of berserk rage
 l - a potion of brilliance {unknown}
 m - a potion of mutation {unknown}
 p - a potion of enlightenment {unknown}
 r - a potion of resistance {unknown}
 s - 2 potions of curing {unknown}


   Skills:
 + Level 4.6 Fighting
 + Level 4.3 Axes
 + Level 4.6 Armour
 + Level 4.6 Shields


You had 5 spell levels left.
You didn't know any spells.
Your spell library was empty.

Dungeon Overview and Level Annotations

Branches:
Dungeon (4/15)
 Temple: D:4-7

Altars:
Dithmenos
Hepliaklqana

Annotations:
D:4 Duvessa


Innate Abilities, Weirdness & Mutations

Your spellcasting is much less encumbered by armour.
You can use scrolls of enchantment on lesser artefacts.


Message History

Dowan is heavily wounded.
You block Dowan's attack.
You slash Dowan!
You kill Dowan!
You hear a distant scream of rage.
The kobold hits you but does no damage.
You have reached level 6!
You slash the kobold!
You kill the kobold!
You barely miss Duvessa.
Duvessa goes berserk!
Duvessa hits you with a +1 short sword of venom. x2
You hit Duvessa but do no damage. Duvessa closely misses you.
Duvessa hits you with a +1 short sword of venom!
* * * LOW HITPOINT WARNING * * *
You are poisoned.
Unknown command.
It was a potion of berserk rage.
A red film seems to cover your vision as you go berserk!
You feel yourself moving faster!
You feel mighty!
You feel very sick. You block Duvessa's attack.
You are too berserk!
You slash Duvessa!
Duvessa is lightly wounded.
You feel sick.
Duvessa hits you with a +1 short sword of venom!
* * * LOW HITPOINT WARNING * * *
You hit Duvessa.
Duvessa is lightly wounded.
* * * LOW HITPOINT WARNING * * *
You feel sick. You block Duvessa's attack. Duvessa barely misses you.
You slash Duvessa!
Duvessa is moderately wounded.
* * * LOW HITPOINT WARNING * * *
You feel sick.
Duvessa hits you with a +1 short sword of venom.
* * * LOW HITPOINT WARNING * * *
You are more poisoned.
You closely miss Duvessa.
Duvessa is moderately wounded.
You die...

## .## ..# #+###..# ß.
#...ß#.# ....#...#.#
.#....#.# #$#.#@).#
.#?#e##.###
..#...#...##
#....#.#..#######
..#..ß#..........###
###'####..########...#
..........# ###.##
###.#.#.### #..##
..[#.# ##).#


You could see Duvessa (berserk).

Vanquished Creatures
  Edmund (D:4)
  Dowan (D:4)
  A hound (D:4)
  2 adders
  3 dart slugs
  2 ribbon worms
  2 orcs
  4 bats
  2 endoplasms
  2 giant cockroaches
  8 goblins
  6 hobgoblins
  4 quokkas
  6 ball pythons (D:2)
  2 frilled lizards
  3 kobolds
  2 rats
51 creatures vanquished.

Notes
Turn   | Place    | Note
-------+----------+-------------------------------------------
     0 | D:1      | retardedninja the Mountain Dwarf Fighter began the quest
                  | for the Orb.
     0 | D:1      | Reached XP level 1. HP: 19/19 MP: 1/1
     0 | D:1      | Upgraded the game from 0.32-a0-953-g508020473e to
                  | 0.32-a0-960-g3814254bd7
   333 | D:1      | Reached XP level 2. HP: 26/26 MP: 2/2
   835 | D:2      | Reached XP level 3. HP: 33/33 MP: 3/3
  1294 | D:3      | Reached XP level 4. HP: 12/40 MP: 4/4
  1901 | D:3      | Found a shadowy altar of Dithmenos.
  1901 | D:3      | Noticed a shadow
  1904 | D:3      | Found a hazy altar of Hepliaklqana.
  2120 | D:4      | Noticed Duvessa
  2121 | D:4      | Noticed Edmund
  2123 | D:4      | Noticed Dowan
  2136 | D:4      | Killed Edmund
  2137 | D:4      | Reached XP level 5. HP: 26/47 MP: 0/5
  2139 | D:4      | Killed Dowan
  2140 | D:4      | Reached XP level 6. HP: 31/53 MP: 1/6
  2146 | D:4      | HP: 1/79 [Duvessa/+1 short sword of venom (3)]
  2147 | D:4      | Succumbed to Duvessa's poison

Illustrated notes

Levels and vault maps discovered:
D:1:      wander_arrival_abandoned_jail, layout_basic
D:2:      layout_basic
D:3:      layout_basic, riverfiend_overflow_shadow_ancestor
D:4:      layout_rooms, nicolae_wu_jian_immortal_techniques,
          nicolae_ru_the_path_less_chosen, lemuel_coloured_pillars_altar,
          minmay_temple_entry_tees, corexii_checkpoint, minivault_1,
          minmay_misc_feat_alley, minmay_misc_feat_encased, uniq_edmund,
          uniq_sigmund, uniq_eustachio, uniq_duvessa

Skill      XL: |  1  2  3  4 |
---------------+-------------+-----
Axes           | 3 4 |  4.3
Armour         | 4 |  4.6
Fighting       | 4 |  4.6
Shields        | 4 |  4.6

Action                     |  1- 3 |  4- 6 || total
---------------------------+-------+-------++-------
  Melee: War axe           |   108 |    54 ||   162
         Trident           |     7 |       ||     7
    Use: Potion            |       |     2 ||     2
 Armour: Scale mail        |    24 |       ||    24
         Chain mail        |    91 |    42 ||   133
  Dodge: Dodged            |    47 |    18 ||    65
  Block: Buckler           |    26 |    10 ||    36

Table legend: (Time is in decaauts)
 A = Elapsed time spent in this place.
 B = Non-inter-level travel time spent in this place.
 C = Inter-level travel time spent in this place.
 D = Time resting spent in this place.
 E = Time spent auto-exploring this place.
 F = Levels seen in this place.
 G = Mean time per level.
                   A        B        C        D        E       F      G
               +--------+--------+--------+--------+--------+-----+--------+
         Total |   2206 |   2070 |    136 |    243 |   1390 |   4 |  551.5 |
       Dungeon |   2206 |   2070 |    136 |    243 |   1390 |   4 |  551.5 |
               +--------+--------+--------+--------+--------+-----+--------+

Top non-repeatable levels by time:
     D:3: 878 daAuts
     D:1: 657 daAuts
     D:2: 528 daAuts
     D:4: 142 daAuts
